[Event "Israel Team Ch Under 18"]
[Site "Jerusalem"]
[Date "2017.08.13"]
[Round "1"]
[White "Adar, Idan"]
[Black "Avisar, Yahav"]
[Result "0-1"]
[ECO "A04"]
[WhiteElo "2082"]
[BlackElo "1379"]
[Annotator "NA RC"]
[PlyCount "74"]
[EventDate "2017.??.??"]
[EventType "swiss"]
[EventCountry "ISR"]
[SourceTitle "playchess.com"]
[Source "ChessBase"]
[SourceQuality "1"]
[TimeControl "40/5400+30:1800+30"]

1. d3 c5 2. g3 Nc6 3. Bg2 g6 4. Nf3 Bg7 5. O-O e5 6. e4 Nge7 7. c4 {[%emt 0:04:42] LiveBook: 9 Games} O-O 8. a3 Rb8 $11 9. Be3 d6 10. Nbd2 a6 11. Nh4 Kh8 12. Rb1 h6 13. Nhf3 f5 14. Nb3 b5 15. Na1 fxe4 16. dxe4 bxc4 17. Qa4 Be6 18. Nh4 Qd7 19. Rfd1 Nd4 20. Qxd7 Bxd7 21. Bxd4 cxd4 22. Bf1 g5 23. Ng2 Be6 24. Nc2 Nc6 25. a4 Rb3 26. Na1 Rb4 27. b3 cxb3 28. Bxa6 Na5 29. Bb5 Rc8 30. Ne1 b2 31. Nac2 Rb3 32. Rd3 Rcc3 33. Kf1 Bc4 34. Bxc4 Nxc4 35. Rxc3 dxc3 36. Na1 Ra3 37. Nac2 Nd2+ 0-1

[Event "Israel Team Ch Under 18"]
[Site "Jerusalem"]
[Date "2017.08.13"]
[Round "1"]
[White "Zhimalov, Adam"]
[Black "Tamir, Roee"]
[Result "*"]
[ECO "E32"]
[WhiteElo "2036"]
[BlackElo "1661"]
[Annotator "NA RC"]
[PlyCount "69"]
[EventDate "2017.??.??"]
[EventType "swiss"]
[EventCountry "ISR"]
[SourceTitle "playchess.com"]
[Source "ChessBase"]
[SourceQuality "1"]
[TimeControl "40/5400+30:1800+30"]

1. d4 Nf6 2. c4 e6 3. Nc3 Bb4 4. Qc2 O-O 5. Nf3 Bxc3+ 6. bxc3 b6 7. e4 Bb7 8. Bd3 h6 9. O-O d6 10. Rd1 $14 Qe7 11. a4 a5 12. Qe2 Nbd7 13. Re1 e5 14. Nh4 Rfe8 15. Nf5 Qd8 16. Qf3 Nf8 17. Bd2 Ng6 18. Bc2 Bc6 19. Rad1 Qc8 20. Nxh6+ Kf8 21. Nf5 Bd7 22. Bg5 Nh7 23. Bc1 Nf6 24. d5 Qa6 25. Qd3 Nh5 26. Qh3 Bxf5 27. exf5 Ngf4 28. Qf3 Qxc4 29. g3 Nh3+ 30. Kg2 Nf6 31. Kxh3 Ke7 32. Kg2 Kd7 33. Bd3 Qxa4 34. Qe2 Qg4 35. Bb5+ *

[Event "Israel Team Ch Under 18"]
[Site "Jerusalem"]
[Date "2017.08.13"]
[Round "1"]
[White "Gerber, Nick"]
[Black "Kaspin, Ido"]
[Result "1/2-1/2"]
[ECO "D66"]
[WhiteElo "1909"]
[BlackElo "1396"]
[Annotator "NA RC"]
[PlyCount "102"]
[EventDate "2017.??.??"]
[EventType "swiss"]
[EventCountry "ISR"]
[SourceTitle "playchess.com"]
[Source "ChessBase"]
[SourceQuality "1"]
[TimeControl "40/5400+30:1800+30"]

1. d4 d5 2. Nf3 Nf6 3. c4 e6 4. Bg5 Nbd7 5. Nc3 c6 6. e3 Be7 {[%emt 0:01:39] LiveBook: 748 Games} 7. Rc1 O-O 8. Bd3 dxc4 9. Bxc4 b5 10. Bb3 (10. Bd3 $14) 10... Bb7 11. O-O $11 Rc8 12. Qe2 a6 13. Rfd1 Nd5 14. Bxe7 Qxe7 15. a3 b4 16. Nxd5 cxd5 17. axb4 Qxb4 18. Bc2 Nf6 19. Ne5 g6 20. Bd3 a5 21. Bb5 Rxc1 22. Rxc1 Ne4 23. Rc7 Nd6 24. Bd3 Qa4 25. h3 Rc8 26. Rxc8+ Bxc8 27. Qf3 Kg7 28. Ng4 Ne8 29. Qf4 Qd1+ 30. Bf1 Ba6 31. Nh2 Bxf1 32. Nxf1 Qa1 33. Qb8 Nf6 34. Qb5 Ne4 35. Qe2 Qc1 36. Kh2 a4 37. f3 Nd6 38. Ng3 Nc4 39. e4 Qxb2 40. Qxb2 Nxb2 41. Ne2 Nd1 42. Nc1 Nc3 43. e5 a3 44. Kg3 Ne2+ 45. Nxe2 a2 46. Nc3 a1=Q 47. Nb5 Qb2 48. Nd6 Qxd4 49. f4 Qe3+ 50. Kg4 h5+ 51. Kg5 Qg3# 1/2-1/2

[Event "Israel Team Ch Under 18"]
[Site "Jerusalem"]
[Date "2017.08.13"]
[Round "1"]
[White "Rozen, Eytan"]
[Black "Federovski, Yael"]
[Result "*"]
[ECO "B22"]
[WhiteElo "1819"]
[BlackElo "1614"]
[Annotator "NA RC"]
[PlyCount "27"]
[EventDate "2017.??.??"]
[EventType "swiss"]
[EventCountry "ISR"]
[SourceTitle "playchess.com"]
[Source "ChessBase"]
[SourceQuality "1"]
[TimeControl "40/5400+30:1800+30"]

1. e4 c5 2. c3 Nf6 3. e5 Nd5 4. d4 cxd4 5. Nf3 Nc6 6. cxd4 d6 7. Bc4 Nb6 8. Bb5 dxe5 9. Nxe5 Bd7 10. Nxd7 Qxd7 11. O-O e6 12. Nc3 Be7 13. Qg4 {LiveBook: 238 Games} Bf6 $11 14. Be3 *

[Event "Israel Team Ch Under 18"]
[Site "Jerusalem"]
[Date "2017.08.13"]
[Round "1"]
[White "Barak, Gil"]
[Black "Bronstein, Paz"]
[Result "1-0"]
[ECO "B08"]
[WhiteElo "1809"]
[BlackElo "1468"]
[Annotator "NA RC"]
[PlyCount "27"]
[EventDate "2017.??.??"]
[EventType "swiss"]
[EventCountry "ISR"]
[SourceTitle "playchess.com"]
[Source "ChessBase"]
[SourceQuality "1"]
[TimeControl "40/5400+30:1800+30"]

1. e4 d6 2. d4 Nf6 3. Nc3 g6 4. h3 Bg7 5. Nf3 O-O 6. Be3 Nbd7 7. Be2 c6 8. a4 Qc7 9. O-O Re8 10. Qd2 {LiveBook: 7 Games} a6 11. Rfe1 $14 e5 12. dxe5 dxe5 13. a5 Nf8 14. Red1 1-0

[Event "Israel Team Ch Under 18"]
[Site "Jerusalem"]
[Date "2017.08.13"]
[Round "1"]
[White "Caspi, Nimi"]
[Black "Solomon, Asif"]
[Result "1/2-1/2"]
[ECO "B92"]
[WhiteElo "1780"]
[BlackElo "2041"]
[Annotator "NA RC"]
[PlyCount "68"]
[EventDate "2017.??.??"]
[EventType "swiss"]
[EventCountry "ISR"]
[SourceTitle "playchess.com"]
[Source "ChessBase"]
[SourceQuality "1"]
[TimeControl "40/5400+30:1800+30"]

1. e4 c5 2. Nf3 d6 3. d4 cxd4 4. Nxd4 Nf6 5. Nc3 a6 6. Be2 e5 7. Nb3 Be7 8. Be3 O-O 9. O-O b5 10. Nd5 {[%emt 0:11:38] B92: Sicilian Najdorf: 6 Be2} (10. a4 b4 11. Nd5 Bb7 12. Bb6 Qd7 13. Nc7 Nxe4 14. Bf3 f5 15. Na5 Bc6 16. Nxc6 Qxc6 17. a5 Nd7 18. Nxa8 Rxa8 {1-0 (82) Savchenko,B (2568)-Andriasian,Z (2460) Internet 2006}) 10... Nbd7 11. Nxe7+ Qxe7 12. f3 Nc5 (12... Qe6 $14) 13. Qd2 Be6 14. Rfd1 $146 ({Predecessor:} 14. Nxc5 dxc5 15. b3 Nd7 {½-½ (15) Thielemann,F (1447)-Schmieder,W (1582) Bad Sooden 2003}) 14... Nxb3 15. axb3 d5 16. Bg5 Rfd8 ({Better is} 16... dxe4 $11 17. fxe4 Qc5+ 18. Qe3 (18. Be3 Qc6 $11) 18... Qxc2) 17. exd5 Bxd5 18. Qe3 h6 19. Bh4 Qe6 20. Bxf6 Qxf6 21. c4 bxc4 22. bxc4 Bb7 23. Rxd8+ Rxd8 24. Rd1 Rxd1+ 25. Bxd1 e4 26. Bc2 Qxb2 27. Bxe4 Qa1+ 28. Kf2 Qb2+ 29. Kg3 Qe5+ $2 (29... Bxe4 $11 30. Qxe4 Qb8+ 31. f4 Qb3+ 32. Kh4 Qa4) 30. Qf4 Qxf4+ 31. Kxf4 g5+ 32. Ke3 $18 Bxe4 33. Kxe4 Kf8 34. Kd5 Ke7 1/2-1/2

[Event "Israel Team Ch Under 18"]
[Site "Jerusalem"]
[Date "2017.08.13"]
[Round "1"]
[White "Zach, Asif"]
[Black "Vazana, Yochay"]
[Result "0-1"]
[ECO "B40"]
[WhiteElo "1600"]
[BlackElo "1909"]
[Annotator "NA RC"]
[PlyCount "58"]
[EventDate "2017.??.??"]
[EventType "swiss"]
[EventCountry "ISR"]
[SourceTitle "playchess.com"]
[Source "ChessBase"]
[SourceQuality "1"]
[TimeControl "40/5400+30:1800+30"]

1. e4 c5 2. Nf3 e6 3. d4 cxd4 4. Nxd4 Nf6 5. Nc3 Nc6 6. f3 Bc5 {B45: Sicilian Four Knights} (6... Bb4 7. a3 Bxc3+ 8. bxc3 O-O 9. Bg5 Ne5 10. Be2 Ng6 11. c4 h6 12. Be3 d5 13. exd5 exd5 14. O-O {½-½ (36) Salvador Marques,C (2351)-Destruels Moreno,V (2370) ICCF email 2012}) 7. Be3 (7. Nxc6 $14 bxc6 8. e5) 7... Qb6 8. Na4 Qa5+ 9. c3 Be7 (9... Bxd4 $5 10. Bxd4 Nxd4 11. Qxd4 d6 $11) 10. b4 $146 ({Predecessor:} 10. Nxc6 bxc6 11. b4 Qc7 12. Bd3 O-O 13. f4 e5 14. O-O {0-1 (45) Dai,I (1548)-Kanakova,N (1945) Batumi 2014}) 10... Qc7 11. Nb5 (11. b5 $14) 11... Qe5 ({Better is} 11... Qb8 $15) 12. Qd2 g5 13. Bc5 $2 (13. h4 $18 {is more deadly.}) 13... d5 14. Bxe7 $2 (14. h4 $16) 14... Kxe7 15. Be2 dxe4 16. O-O e3 (16... Rd8 $17 17. Qe3 b6 18. fxe4 Ba6) 17. Qb2 Bd7 18. Nc5 b6 (18... a6 $11 19. Nd4 Rhd8) 19. Nb3 $2 (19. Nd3 $1 $14 {was the only good move.} Qb8 20. c4) 19... Nd5 20. N3d4 Nf4 21. Nxc6+ $19 (21. g3 $17 {might work better.}) 21... Bxc6 22. Nd4 Bb7 23. Rad1 Rac8 24. Qa3 Rhd8 25. Qxa7 Qc7 26. Nb5 Nxe2+ 27. Kh1 Qc6 28. Qa3 Rxd1 29. Rxd1 Qxf3 0-1

[Event "Israel Team Ch Under 18"]
[Site "Jerusalem"]
[Date "2017.08.13"]
[Round "2"]
[White "Aroesti, Roee"]
[Black "Gorshtein, Ido"]
[Result "*"]
[ECO "B72"]
[WhiteElo "2304"]
[BlackElo "2148"]
[Annotator "NA"]
[PlyCount "34"]
[EventDate "2017.??.??"]
[EventType "swiss"]
[EventCountry "ISR"]
[SourceTitle "playchess.com"]
[Source "ChessBase"]
[SourceQuality "1"]
[TimeControl "40/5400+30:1800+30"]

1. e4 c5 2. Nf3 d6 3. d4 cxd4 4. Nxd4 Nf6 5. Nc3 g6 6. Be3 Bg7 7. Be2 Nc6 8. Qd2 Ng4 9. Bxg4 Bxg4 10. f3 Bd7 11. O-O-O Ne5 12. b3 Qa5 13. Kb1 Nc6 14. Nd5 Qxd2 15. Rxd2 Bxd4 16. Bxd4 Nxd4 17. Rxd4 Rc8 $11 *

[Event "Israel Team Ch Under 18"]
[Site "Jerusalem"]
[Date "2017.08.13"]
[Round "2"]
[White "Tzidkiya, Yeshaayahu"]
[Black "Feldman, Anthony"]
[Result "*"]
[ECO "B12"]
[WhiteElo "2156"]
[BlackElo "1975"]
[Annotator "ChessBase"]
[PlyCount "31"]
[EventDate "2017.??.??"]
[EventType "swiss"]
[EventCountry "ISR"]
[SourceTitle "playchess.com"]
[Source "ChessBase"]
[SourceQuality "1"]
[TimeControl "40/5400+30:1800+30"]

1. e4 c6 2. d4 d5 3. exd5 cxd5 4. Nc3 Nc6 5. Bf4 a6 6. Nf3 Bg4 7. Be2 Nf6 8. O-O e6 9. Ne5 Bf5 10. Nxc6 bxc6 11. Na4 Be7 12. Nc5 Qb6 13. b4 O-O 14. a3 a5 15. c3 Ra7 16. Qd2 *

[Event "Israel Team Ch Under 18"]
[Site "Jerusalem"]
[Date "2017.08.13"]
[Round "2"]
[White "Lukin, Elisha"]
[Black "Barak, Gil"]
[Result "1-0"]
[ECO "C07"]
[WhiteElo "2006"]
[BlackElo "1809"]
[Annotator "NA"]
[PlyCount "57"]
[EventDate "2017.??.??"]
[EventType "swiss"]
[EventCountry "ISR"]
[SourceTitle "playchess.com"]
[Source "ChessBase"]
[SourceQuality "1"]
[TimeControl "40/5400+30:1800+30"]

1. e4 e6 2. d4 d5 3. Nd2 c5 4. Ngf3 cxd4 5. Nxd4 Nc6 6. Bb5 Bd7 7. Nxc6 bxc6 8. Bd3 Bd6 9. c4 Nf6 10. O-O O-O 11. Qc2 dxe4 12. Nxe4 Nxe4 13. Bxe4 f5 14. Bf3 e5 15. Rd1 Qe7 16. Qd3 Rf6 17. Bg5 Raf8 18. Bxf6 Rxf6 19. c5 e4 20. cxd6 Qf8 21. Qc4+ Be6 22. Qxc6 exf3 23. Qxf3 Bd7 24. Qd5+ $16 Kh8 25. Rac1 f4 26. Rc7 Be6 27. Qxe6 Rxe6 28. d7 h6 29. Rc8 1-0

[Event "Israel Team Ch Under 18"]
[Site "Jerusalem"]
[Date "2017.08.13"]
[Round "2"]
[White "Kereth, Oren"]
[Black "Gorshtein, Asaf"]
[Result "1-0"]
[ECO "B17"]
[WhiteElo "1989"]
[BlackElo "1926"]
[Annotator "NA"]
[PlyCount "60"]
[EventDate "2017.??.??"]
[EventType "swiss"]
[EventCountry "ISR"]
[SourceTitle "playchess.com"]
[Source "ChessBase"]
[SourceQuality "1"]
[TimeControl "40/5400+30:1800+30"]

1. e4 c6 2. d4 d5 3. Nc3 dxe4 4. Nxe4 Nd7 5. Nf3 Ngf6 6. Nxf6+ Nxf6 7. Bd3 Bg4 8. c3 e6 9. Bf4 Bd6 {B17: Caro-Kann: Modern Line (4...Nd7)} (9... Be7 10. h3 Bxf3 11. Qxf3 Qd5 12. Qxd5 Nxd5 13. Bg3 O-O 14. O-O Rfd8 15. Rad1 Rd7 16. Be2 Rad8 17. Rd3 Bd6 18. Bxd6 Rxd6 19. g3 g6 20. Rfd1 {½-½ (21) Flermoen,P (2250)-Ekeberg,C (2251) Norway 2016}) 10. Bxd6 Qxd6 11. h3 Bxf3 12. Qxf3 O-O-O 13. O-O-O Qd5 $146 ({Predecessor:} 13... Qc7 14. Kb1 Rhe8 15. Rhe1 e5 16. dxe5 Rxe5 17. Bf5+ {0-1 (47) Buttner,N-Zapata,P (2043) Villa Ballester 2002}) 14. Qxd5 Rxd5 15. Rhe1 Rhd8 16. Re5 c5 17. Bc4 Rxe5 18. dxe5 Rxd1+ 19. Kxd1 Nd7 20. f4 a6 21. Kd2 Kc7 22. Ke3 g6 23. g4 h6 24. Ke4 b5 25. Bb3 c4 26. Bc2 Kc6 27. Kd4 Nb6 (27... g5 $11) 28. Be4+ Kc7 $1 29. Bc2 Kc6 30. h4 $11 a5 1-0

[Event "Israel Team Ch Under 18"]
[Site "Jerusalem"]
[Date "2017.08.13"]
[Round "2"]
[White "Adar, Ida"]
[Black "Milikow, Elie"]
[Result "1-0"]
[ECO "A45"]
[WhiteElo "1976"]
[BlackElo "2082"]
[Annotator "NA RC"]
[PlyCount "43"]
[EventDate "2017.??.??"]
[EventType "swiss"]
[EventCountry "ISR"]
[SourceTitle "playchess.com"]
[Source "ChessBase"]
[SourceQuality "1"]
[TimeControl "40/5400+30:1800+30"]

1. d4 Nf6 2. Bg5 Ne4 3. Bf4 c5 4. f3 Nf6 5. dxc5 Qa5+ 6. Nc3 Qxc5 7. e4 e6 {[%emt 0:01:25] A45: Trompowsky Attack} (7... d6 8. Qd2 Nbd7 9. Be3 Qc6 10. Nge2 e5 11. Nc1 Be7 12. Be2 O-O 13. a4 Nb6 14. N1a2 d5 15. Bb5 Qd6 16. a5 {1-0 (54) Vitiugov,N (2742)-Cheparinov,I (2682) Dubai 2014}) 8. Qd2 Be7 9. O-O-O O-O 10. g4 (10. e5 $5 Ne8 11. Ne4 $14) 10... a6 (10... Nc6 $14) 11. Kb1 $146 ({Predecessor:} 11. e5 Ne8 12. Ne4 Qc6 13. Bd3 {1-0 (24) Vouldis,A (2497)-Stiri,A (2097) Ano Liosia 2000}) 11... b5 12. g5 Ne8 13. h4 Bb7 14. h5 Nc7 {[%emt 0:02:51] [#]} 15. g6 $1 fxg6 $2 (15... Ne8 16. gxh7+ Kxh7) 16. hxg6 hxg6 17. Qh2 (17. Be3 $142 Qc6 18. Qh2) 17... Rc8 $2 (17... Rxf4 18. Qxf4 d6) 18. Qh7+ Kf7 19. Rh6 b4 20. Qxg6+ Kg8 21. Rh7 (21. e5 $142 Rf8 22. Bd3) 21... Ne8 22. e5 1-0

[Event "Israel Team Ch Under 18"]
[Site "Jerusalem"]
[Date "2017.08.13"]
[Round "2"]
[White "Fainman, Tomer"]
[Black "Kadria, Shay"]
[Result "1-0"]
[ECO "E71"]
[WhiteElo "1976"]
[BlackElo "1784"]
[Annotator "NA"]
[PlyCount "45"]
[EventDate "2017.??.??"]
[EventType "swiss"]
[EventCountry "ISR"]
[SourceTitle "playchess.com"]
[Source "ChessBase"]
[SourceQuality "1"]
[TimeControl "40/5400+30:1800+30"]

1. d4 Nf6 2. c4 g6 3. Nc3 Bg7 4. e4 d6 5. h3 O-O 6. Nf3 Nbd7 7. Be3 e5 8. dxe5 dxe5 9. Bd3 {[%emt 0:01:44] E90: King's Indian: Classical: Early deviations and 6 h3} (9. Be2 Qe7 10. O-O c6 11. Qc2 Nh5 12. Rfe1 Nf4 13. Bf1 Qf6 14. Kh2 Re8 15. Ne2 Ne6 16. c5 Qe7 17. b4 a5 18. a3 {½-½ (18) Fedorchuk,S (2641)-Pavlov,S (2485) Minsk 2014}) 9... c6 10. Qd2 Qc7 $146 ({Predecessor:} 10... Qe7 11. Rd1 Re8 12. O-O Nh5 13. Rfe1 Bf8 14. a3 a5 {0-1 (47) Tyszkiewicz,Z (2109)-Siekaniec,J (2196) Gniezno 2007}) 11. O-O Rd8 12. Rfd1 Nf8 13. Qc2 Ne6 14. Ne2 Nh5 15. c5 Qe7 16. Rab1 h6 17. b4 g5 18. Bc4 Bd7 19. g3 (19. Rd6 $16) 19... Nf8 20. Kg2 Ng6 21. Rd6 g4 22. hxg4 Bxg4 23. Rxg6 $18 1-0

[Event "Israel Team Ch Under 18"]
[Site "Jerusalem"]
[Date "2017.08.13"]
[Round "2"]
[White "Slobodiansky, Steven"]
[Black "Ehrlich, Roy"]
[Result "0-1"]
[ECO "C17"]
[WhiteElo "1963"]
[BlackElo "1884"]
[Annotator "NA"]
[PlyCount "52"]
[EventDate "2017.??.??"]
[EventType "swiss"]
[EventCountry "ISR"]
[SourceTitle "playchess.com"]
[Source "ChessBase"]
[SourceQuality "1"]
[TimeControl "40/5400+30:1800+30"]

1. e4 e6 2. d4 d5 3. Nc3 Bb4 4. e5 c5 5. Bd2 Ne7 6. a3 Bxc3 7. Bxc3 cxd4 8. Qxd4 Nbc6 9. Qg4 {[%emt 0:01:20] C17: French: 3 Nc3 Bb4 4 e5 c5 sidelines} Nf5 {[%emt 0:07:24] LiveBook: 7 Games} 10. Nf3 Qb6 (10... h5 11. Qf4 Bd7 12. Bd3 Nce7 13. O-O Rc8 14. Bb4 Ng6 15. Qd2 Nfh4 16. Nxh4 Qxh4 {1-0 (33) Bartel,M (2664)-Savchenko,B (2599) Wroclaw 2014}) 11. Bd3 h5 $146 ({Find the theoretical novelty and annotate with similar games:} 11... Nce7 12. O-O Bd7 13. Bb4 Bb5 14. Bxe7 Kxe7 15. Qb4+ {1-0 (15) Nomin Erdene,D (2424)-Konstantinov,A (2055) Novi Sad 2015}) 12. Qg5 Qd8 13. Qxd8+ Kxd8 14. O-O-O Nfe7 15. Ng5 Ke8 16. f4 Bd7 17. h3 d4 18. Bd2 h4 19. Rhf1 $16 f6 20. exf6 gxf6 21. Ne4 Nd5 22. Nd6+ Ke7 23. Nxb7 Rhg8 24. Be4 Nb6 25. Nc5 Kd6 26. Bb4 Nxb4 0-1

[Event "Israel Team Ch Under 18"]
[Site "Jerusalem"]
[Date "2017.08.13"]
[Round "2"]
[White "Kupervaser, Erez"]
[Black "Efrati, Alon"]
[Result "1-0"]
[ECO "D00"]
[WhiteElo "1868"]
[BlackElo "1661"]
[Annotator "NA RC"]
[PlyCount "61"]
[EventDate "2017.??.??"]
[EventType "swiss"]
[EventCountry "ISR"]
[SourceTitle "playchess.com"]
[Source "ChessBase"]
[SourceQuality "1"]
[TimeControl "40/5400+30:1800+30"]

1. d4 d5 2. Nc3 Nf6 3. Bf4 Bf5 4. f3 e6 5. g4 Bg6 6. h4 h6 {[%emt 0:01:13] LiveBook: 44 Games} 7. e3 Bd6 8. Nh3 Be7 9. Nf2 Nfd7 10. Bg3 a6 $14 11. Nd3 c5 12. Nf4 Bh7 13. Bd3 Bxd3 14. Qxd3 Nc6 15. Nce2 Rc8 16. c3 cxd4 17. exd4 Nb6 18. Kf2 Nc4 19. b3 Nd6 20. Rae1 b5 21. g5 g6 22. h5 hxg5 23. hxg6 Rxh1 24. Rxh1 Kd7 25. Ng2 Qg8 26. gxf7 Qxf7 27. Ne3 Rf8 28. Ng4 Ne4+ 29. Kg2 Nxg3 30. Nxg3 Qf4 31. Rh6 1-0

[Event "Israel Team Ch Under 18"]
[Site "Jerusalem"]
[Date "2017.08.13"]
[Round "2"]
[White "Stolyarsky, Yegor"]
[Black "Tillinger, Aviv"]
[Result "*"]
[ECO "C54"]
[WhiteElo "1860"]
[BlackElo "1815"]
[Annotator "NA"]
[PlyCount "60"]
[EventDate "2017.??.??"]
[EventType "swiss"]
[EventCountry "ISR"]
[SourceTitle "playchess.com"]
[Source "ChessBase"]
[SourceQuality "1"]
[TimeControl "40/5400+30:1800+30"]

1. e4 e5 2. Nf3 Nc6 3. Bc4 Bc5 4. c3 Nf6 5. d3 d6 6. Nbd2 Bb6 7. O-O Ne7 {C54: Giuoco Piano: 4 c3 Nf6, main lines with 5 d4 and 5 d3} 8. h3 c6 9. Re1 O-O 10. Nf1 h6 11. Ng3 Ng6 12. Bb3 d5 13. exd5 $146 ({Predecessor:} 13. Be3 Bc7 14. Qc2 Re8 15. Rad1 {½-½ (41) Predojevic,B (2609)-Sokolov,I (2655) Sarajevo 2007}) 13... Nxd5 14. Nxe5 (14. d4 $11) 14... Nxe5 15. Rxe5 {[#]} Bxf2+ $1 16. Kxf2 Qf6+ 17. Rf5 Bxf5 18. Qf3 Bxd3 19. Bxd5 cxd5 20. Qxf6 gxf6 21. Bxh6 Rfe8 22. Rd1 Be4 23. Rd4 Rac8 24. Nxe4 (24. Be3 $15) 24... dxe4 25. Ke3 f5 26. Rd5 Kh7 27. Bf4 Kg6 28. Rd7 {[#]} Re6 $1 29. Rxb7 $19 Rb6 30. Rxb6+ axb6 *

[Event "Israel Team Ch Under 18"]
[Site "Jerusalem"]
[Date "2017.08.13"]
[Round "2"]
[White "Katkov, Michelle"]
[Black "Garber, Tal"]
[Result "0-1"]
[ECO "B22"]
[WhiteElo "1822"]
[BlackElo "1835"]
[Annotator "NA"]
[PlyCount "42"]
[EventDate "2017.??.??"]
[EventType "swiss"]
[EventCountry "ISR"]
[SourceTitle "playchess.com"]
[Source "ChessBase"]
[SourceQuality "1"]
[TimeControl "40/5400+30:1800+30"]

1. e4 c5 2. c3 d5 3. exd5 Qxd5 4. d4 Nc6 5. Nf3 Bf5 {B22: Sicilian: 2 c3} 6. Be2 (6. Be3 Nf6 7. Qb3 cxd4 8. Nxd4 Nxd4 9. Bxd4 a6 10. Nd2 e6 11. Be2 O-O-O 12. Nc4 Bc5 13. O-O Be4 14. Rfd1 {1-0 (32) Jones,G (2676)-Pichot,A (2556) Sharjah 2017}) 6... e6 7. O-O Nf6 8. Be3 cxd4 9. cxd4 Be7 10. Nc3 Qd7 $146 ({Find the theoretical novelty and annotate with similar games:} 10... Qd6 11. Qb3 O-O 12. Rfd1 Nb4 13. Rac1 {½-½ (48) Wiesner,P (2103)-Ambartsumova,K (2284) Germany 2015}) 11. Ne5 Qc7 12. Nxc6 (12. g4 $16 Bg6 13. f4) 12... bxc6 13. Rc1 O-O 14. Bf3 Qd6 15. Qa4 Nd5 16. Ne4 Bxe4 17. Bxe4 Rfc8 18. Rfd1 h6 19. Bb1 Rab8 20. Qc2 Bf6 $14 (20... f5 $11) 21. Qe4 Qb4 0-1

[Event "Israel Team Ch Under 18"]
[Site "Jerusalem"]
[Date "2017.08.13"]
[Round "2"]
[White "Rozen, Eytan"]
[Black "Rotem Furshpan, Nir"]
[Result "1-0"]
[ECO "C06"]
[WhiteElo "1751"]
[BlackElo "1410"]
[Annotator "NA"]
[PlyCount "29"]
[EventDate "2017.??.??"]
[EventType "swiss"]
[EventCountry "ISR"]
[SourceTitle "playchess.com"]
[Source "ChessBase"]
[SourceQuality "1"]
[TimeControl "40/5400+30:1800+30"]

1. e4 e6 2. d4 d5 3. Nd2 Nf6 4. e5 Nfd7 5. Bd3 c5 6. c3 Nc6 7. Ne2 cxd4 8. cxd4 f6 9. Nf4 $14 {[%emt 0:05:25] LiveBook: 339 Games} g6 10. Nxe6 Qb6 11. Nxf8 Kxf8 12. Nb3 Nxd4 13. Bh6+ Ke7 14. exf6+ Nxf6 15. Be3 1-0

[Event "Israel Team Ch Under 18"]
[Site "Jerusalem"]
[Date "2017.08.13"]
[Round "2"]
[White "Vaisgur, Alon"]
[Black "Shohat, Yotam"]
[Result "0-1"]
[ECO "B36"]
[WhiteElo "1743"]
[BlackElo "2041"]
[Annotator "NA"]
[PlyCount "56"]
[EventDate "2017.??.??"]
[EventType "swiss"]
[EventCountry "ISR"]
[SourceTitle "playchess.com"]
[Source "ChessBase"]
[SourceQuality "1"]
[TimeControl "40/5400+30:1800+30"]

1. e4 c5 2. Nf3 g6 3. d4 cxd4 4. Nxd4 Nc6 5. c4 Nf6 6. Nc3 d6 7. Be2 Nxd4 8. Qxd4 Bg7 9. Qd1 O-O 10. Be3 Qa5 11. O-O Be6 12. Rc1 Rfc8 13. b3 a6 {[%emt 0:03:16] LiveBook: 4 Games} 14. Qd2 b5 15. Nd5 Qxd2 16. Bxd2 Bxd5 17. exd5 Ne4 18. Be1 a5 19. f3 Nf6 20. Bc3 b4 21. Bxf6 Bxf6 22. f4 Bd4+ 23. Kh1 a4 24. f5 (24. Bd1 $1 $11 {remains equal.}) 24... axb3 25. axb3 Ra2 26. Bg4 Rca8 27. fxg6 $17 hxg6 28. Bd7 R8a3 0-1

[Event "Israel Team Ch Under 18"]
[Site "Jerusalem"]
[Date "2017.08.13"]
[Round "2"]
[White "Kotler, Yiftah"]
[Black "Chachashvili, Zuri"]
[Result "1/2-1/2"]
[ECO "B92"]
[WhiteElo "1715"]
[BlackElo "1911"]
[Annotator "NA RC"]
[PlyCount "29"]
[EventDate "2017.??.??"]
[EventType "swiss"]
[EventCountry "ISR"]
[SourceTitle "playchess.com"]
[Source "ChessBase"]
[SourceQuality "1"]
[TimeControl "40/5400+30:1800+30"]

1. e4 c5 2. Nf3 d6 3. d4 cxd4 4. Nxd4 Nf6 5. Nc3 a6 6. Be2 e5 7. Nb3 Be6 8. O-O Nbd7 9. Be3 Be7 10. a4 Rc8 11. f4 O-O 12. Kh1 Bc4 13. Bxc4 Rxc4 14. Qd3 Rc6 15. Rad1 1/2-1/2

[Event "Israel Team Ch Under 18"]
[Site "Jerusalem"]
[Date "2017.08.13"]
[Round "2"]
[White "Efrati, Alon"]
[Black "Kupervaser, Erez"]
[Result "*"]
[ECO "D00"]
[WhiteElo "1661"]
[BlackElo "1868"]
[Annotator "NA"]
[PlyCount "20"]
[EventDate "2017.??.??"]
[EventType "swiss"]
[EventCountry "ISR"]
[SourceTitle "playchess.com"]
[Source "ChessBase"]
[SourceQuality "1"]
[TimeControl "40/5400+30:1800+30"]

1. d4 d5 2. Nc3 Nf6 3. Bf4 Bf5 4. f3 e6 5. g4 Bg6 6. h4 h6 {[%emt 0:01:13] LiveBook: 44 Games} 7. e3 Bd6 8. Nh3 Be7 9. Nf2 Nfd7 10. Bg3 a6 $14 *